 Dungeon Crawl Stone Soup version 0.17.0-28-g6e173f8 (console) character file.

592 Kloppie the Skirmisher (level 7, 0/45 HPs)
             Began as a Gargoyle Fighter on Nov 24, 2015.
             Slain by Ithica's ghost (6 damage)
             ... on level 4 of the Dungeon.
             The game lasted 00:04:44 (2645 turns).

Kloppie the Skirmisher (Gargoyle Fighter)           Turns: 2645, Time: 00:04:44

Health: 0/45       AC: 17    Str: 24    XL:     7   Next: 39%
Magic:  7/7        EV:  6    Int:  9    God:
Gold:   197        SH:  9    Dex: 11    Spells: 0 memorised, 6 levels left

rFire  . . .     SeeInvis .     a - +0 war axe
rCold  . . .     Clarity  .     h - +0 chain mail
rNeg   + . .     SustAt   .     c - +0 shield
rPois  ∞         Gourm    .     (no helmet)
rElec  +         Spirit   .     g - +0 cloak
rCorr  .         Warding  .     l - +0 pair of gloves
rMut   .         Stasis   .     (no boots)
MR     .....                    (no amulet)
Stlth  ..........               (no ring)
                                (no ring)

@: mighty, not resistant to hostile enchantments, extremely unstealthy
A: negative energy resistance 1, electricity resistance, unbreathing,
petrification resistance, rot immunity, AC +4
a: no special abilities


You were on level 4 of the Dungeon.
You were not hungry.

You visited 1 branch of the dungeon, and saw 4 of its levels.

You collected 197 gold pieces.

Inventory:

Hand Weapons
 a - a +0 war axe (weapon)
Armour
 b - a +0 scale mail
 c - a +0 shield (worn)
 g - a +0 cloak (worn)
 h - a +0 chain mail (worn)
 l - a +0 pair of gloves (worn)
 q - a +0 plate armour
Scrolls
 f - 3 scrolls of identify {unknown}
 j - a scroll of teleportation {unknown}
 k - a scroll of magic mapping {unknown}
 n - 2 scrolls of immolation {unknown}
 p - 3 scrolls of remove curse {unknown}
 r - a scroll of fear {unknown}
 t - 3 scrolls of enchant weapon {unknown}
 w - a scroll of amnesia {unknown}
Potions
 d - a potion of might
 i - a potion of agility {unknown}
 m - a potion of invisibility {unknown}
 o - a potion of poison {unknown}
 s - a potion of curing {unknown}
 v - a potion of brilliance {unknown}
 x - a potion of heal wounds {unknown}
 z - a potion of lignification {unknown}
Comestibles
 e - 3 bread rations


   Skills:
 + Level 5.9 Fighting
 + Level 4.3 Axes
 + Level 5.7 Armour
 - Level 3.2 Shields


You had 6 spell levels left.
You didn't know any spells.

Dungeon Overview and Level Annotations

Branches:
Dungeon (4/15)
 Temple: D:4-7

Altars:
Fedhas
Qazlal

Annotations:
D:4 Ithica's ghost, amateur TrFi


Innate Abilities, Weirdness & Mutations

You are resistant to torment.
Your stone body is resilient (AC +4).
You are immune to poison.
You resist negative energy.
You are resistant to electric shocks.
You can survive without breathing.
You are immune to petrification.
You are immune to rotting.


Message History

Ithica's ghost is moderately damaged.
You slash the phantom!
The phantom is almost destroyed.
Ithica's ghost hits you but does no damage.
The phantom hits you.
* * * LOW HITPOINT WARNING * * *
Ithica's ghost hits you.
* * * LOW HITPOINT WARNING * * *
You slash Ithica's ghost!
Ithica's ghost is moderately damaged.
You closely miss the phantom.
The phantom is almost destroyed.
The phantom blinks!
Ithica's ghost ripples.
Ithica's ghost hits you.
* * * LOW HITPOINT WARNING * * *
You slash Ithica's ghost!
Ithica's ghost is severely damaged.
Ithica's ghost hits you.
You die...

#..................
#..................
#..................
#..................
#..................
#.W................
#..................
#.......##'##......
#.@.....#...#......
#W§.....#...#......
.'.......#...#......
...#.......#####......
#....##..............###
.... .'..............#
#.. .#..............#
#.. #..............#
........###


You could see a phantom and Ithica's ghost.

Vanquished Creatures
  A phantom (D:4)
  A scorpion (D:4)
  An orc wizard (D:4)
  A giant frog skeleton (D:4)
  A centaur skeleton (D:4)
  4 hounds (D:4)
  An orc priest (D:4)
  An iguana (D:4)
  A worker ant (D:4)
  A hound skeleton (D:4)
  6 adders
  An ooze (D:1)
  A giant gecko (D:4)
  8 orcs
  2 giant cockroaches
  7 goblins
  5 hobgoblins
  4 kobolds
  2 quokkas (D:2)
  11 bats
  4 giant newts
  18 jackals
  24 rats
106 creatures vanquished.

Notes
Turn   | Place    | Note
--------------------------------------------------------------
     0 | D:1      | Kloppie the Gargoyle Fighter began the quest for the Orb.
     0 | D:1      | Reached XP level 1. HP: 14/14 MP: 1/1
    32 | D:1      | Reached XP level 2. HP: 16/19 MP: 2/2
   291 | D:1      | Reached XP level 3. HP: 22/24 MP: 3/3
   305 | D:1      | Reached skill level 4 in Fighting
   632 | D:2      | Found a faded altar to an unknown god.
   954 | D:2      | Reached XP level 4. HP: 15/30 MP: 4/4
  1586 | D:3      | Reached XP level 5. HP: 34/34 MP: 5/5
  1894 | D:3      | Found a blossoming altar of Fedhas.
  1895 | D:3      | Found a stormy altar of Qazlal.
  2003 | D:4      | Reached skill level 5 in Fighting
  2003 | D:4      | Reached XP level 6. HP: 21/40 MP: 6/6
  2183 | D:4      | Noticed Ithica's ghost (amateur TrFi)
  2221 | D:4      | Reached skill level 5 in Armour
  2385 | D:4      | Noticed a phantom
  2415 | D:4      | Killed a phantom
  2415 | D:4      | Reached XP level 7. HP: 34/45 MP: 7/7
  2618 | D:4      | Noticed a phantom
  2645 | D:4      | Slain by Ithica's ghost

Action                   |  1- 3 |  4- 6 |  7- 9 || total
-------------------------+-------+-------+-------++-------
Melee: War axe           |   130 |   222 |    42 ||   394
  Use: Potion            |       |       |     1 ||     1
  Eat: Chunk             |       |     6 |     1 ||     7
